 Dungeon Crawl Stone Soup version 0.27.1 (webtiles) character file.

Game seed: 16797810873188672235

531 ZARRMARR the Ruffian (level 7, -1/68 HPs)
             Began as a Troll Monk on Aug 24, 2021.
             Slain by Dowan (3 damage)
             ... on level 5 of the Dungeon.
             The game lasted 00:11:53 (3567 turns).

ZARRMARR the Ruffian (Troll Monk)                   Turns: 3567, Time: 00:11:53

Health: -1/68      AC:  4    Str: 20    XL:     7   Next: 3%
Magic:  6/6        EV: 10    Int:  6    God:
Gold:   178        SH:  0    Dex: 14    Spells: 6/6 levels left

rFire    . . .     SeeInvis .     - Unarmed
rCold    . . .     Faith    .   (no shield)
rNeg     . . .     Spirit   .   a - +0 robe
rPois    .         Reflect  .   (helmet restricted)
rElec    .         Harm     .   (no cloak)
rCorr    .         Rampage  .   (gloves unavailable)
Will     .....                  (boots unavailable)
Stlth    ++........             (no amulet)
HPRegen  1.21/turn              (no ring)
MPRegen  0.10/turn              (no ring)

@: no status effects
A: large, unfitting armour, claws 3, regeneration 1, shaggy fur 1, tough skin 1
a: no special abilities


You were on level 5 of the Dungeon.
You visited 2 branches of the dungeon, and saw 6 of its levels.

You collected 178 gold pieces.

Inventory:

Missiles
 i - 4 poisoned darts (quivered)
Armour
 a - a +0 robe (worn)
Wands
 k - a wand of charming (7)
Scrolls
 e - a scroll of immolation
 f - a scroll of vulnerability
 o - a scroll of amnesia
 p - a scroll of torment {unknown}
 r - a scroll of enchant armour {unknown}
Potions
 b - 2 potions of berserk rage {unknown}
 c - a potion of might {unknown}
 d - a potion of magic {unknown}
 g - a potion of brilliance {unknown}
 h - 3 potions of heal wounds {unknown}
 j - a potion of curing
 l - a potion of degeneration {unknown}
 m - a potion of attraction {unknown}
 n - a potion of flight {unknown}
 q - a potion of lignification {unknown}


   Skills:
 + Level 3.6 Fighting
 - Level 2.4 Dodging
 - Level 1.0 Stealth
 + Level 7.3 Unarmed Combat


You had 6 spell levels left.
You didn't know any spells.
Your spell library contained the following spells:

 Spells                   Type           Power      Damage    Failure   Level
 Animate Skeleton         Necr           0%         N/A       45%         1
 Apportation              Tloc           0%         N/A       45%         1
 Corona                   Hex            0%         N/A       45%         1
 Summon Small Mammal      Summ           0%         N/A       45%         1
 Slow                     Hex            0%         N/A       58%         2
 Confusing Touch          Hex            0%         N/A       83%         3
 Vampiric Draining        Necr           0%         2d6       83%         3


Dungeon Overview and Level Annotations

Branches:
Dungeon (5/15)             Temple (1/1) D:4

Altars:
Ashenzari
Cheibriados
Dithmenos
Elyvilon
Kikubaaqudgha
Makhleb
Nemelex Xobeh
Okawaru
Qazlal
Ru
Sif Muna
Trog
Uskayaw
Wu Jian
Yredelemnul
Zin

Shops:
D:3 !*!

Annotations:
D:4 2 transporters
D:5 Dowan


Innate Abilities, Weirdness & Mutations

You are too large for most types of armour.
You have claws for hands.
Your natural rate of healing is unusually fast.
You are covered in fur. (AC +1)
You have tough skin. (AC +1)


Message History

Duvessa closely misses you.
You closely miss Duvessa.
Duvessa is heavily wounded.
Duvessa hits you with a +0 short sword. x2
You claw Duvessa!
Duvessa is severely wounded.
Duvessa hits you with a +0 short sword!
You barely miss Duvessa.
Duvessa is severely wounded.
Dowan points at you and mumbles some strange words.
The puff of frost hits you! Duvessa hits you with a +0 short sword.
You claw Duvessa!
You kill Duvessa!
Dowan screams, "No!
No!"
Dowan seems to find hidden reserves of power!
Dowan gestures wildly while chanting.
Dowan blinks!
Your Unarmed Combat skill increases to level 7!
You have reached level 7!
Throw: 5 darts (poison)
Press: ? - help, Q - select action, (/) - cycle Shift-Dir - straight line, f - Dowan
Aim: Dowan, wielding a +0 dagger and wearing a +0 robe (fast, 48% to hit)
You throw a poisoned dart. The poisoned dart hits Dowan.
Dowan is poisoned.
Dowan casts a spell.
Dowan blinks!
You claw Dowan!
Dowan is severely wounded.
Dowan gestures at you while chanting. The shard of ice hits you!
* * * LOW HITPOINT WARNING * * *
You scratch Dowan.
Dowan is severely wounded.
Dowan points at you and mumbles some strange words.
The stone arrow hits you!
* * * LOW HITPOINT WARNING * * *
You closely miss Dowan.
Dowan is severely wounded.
Dowan drinks a potion.
Dowan is healed!
Dowan looks more healthy.
Dowan hits you with a +0 dagger.
You die...

............ ............
.###..##.### ####..##
####+########## .......#
+!............#
.......#...#.............#
.......#...#.............#
###.####..###..e.###.######
###.####..###...@###.#....#
................)#...#....#
.................#...#....#
.................#...#....#
...............(.#....#####
##..###..###########..#
.#..###..#............#
.#.......#............####
.#.......#............#..#


You could see Dowan (fast).

Vanquished Creatures
  Duvessa (D:5)
  A necrophage (D:5)
  Blork the orc (D:5)
  A water moccasin skeleton (D:5)
  A hound (D:5)
  2 iguanas
  Robin (D:2)
  4 adders
  A gnoll (D:1)
  3 worms
  A dart slug (D:5)
  6 orcs
  7 ball pythons
  8 endoplasms
  3 giant cockroaches
  17 goblins
  6 hobgoblins
  A quokka (D:1)
  3 bats
  8 kobolds
  8 rats
84 creatures vanquished.

Notes
Turn   | Place    | Note
-------+----------+-------------------------------------------
     0 | D:1      | ZARRMARR the Troll Monk began the quest for the Orb.
     0 | D:1      | Reached XP level 1. HP: 22/22 MP: 0/0
   172 | D:1      | Reached XP level 2. HP: 29/29 MP: 1/1
   367 | D:1      | Found a faded altar of an unknown god.
   424 | D:1      | Reached XP level 3. HP: 36/36 MP: 2/2
   862 | D:2      | Reached skill level 4 in Unarmed Combat
   904 | D:2      | Noticed Robin
   919 | D:2      | Killed Robin
   927 | D:2      | Reached XP level 4. HP: 21/45 MP: 3/3
  1536 | D:3      | Found Bihivvidie's Distillery.
  1602 | D:3      | Found Udorchila's Distillery.
  1670 | D:3      | Found a basalt altar of Yredelemnul.
  1723 | D:3      | Found a snail-covered altar of Cheibriados.
  1969 | D:3      | Found Semo's General Store.
  2041 | D:3      | Reached skill level 5 in Unarmed Combat
  2041 | D:3      | Reached XP level 5. HP: 42/53 MP: 4/4
  2261 | D:4      | Found a transporter.
  2341 | D:4      | Found a staircase to the Ecumenical Temple.
  2350 | Temple   | Entered the Ecumenical Temple
  2651 | D:4      | Found a transporter.
  2973 | D:4      | Found a broken altar of Ashenzari.
  3011 | D:5      | Entered Level 5 of the Dungeon
  3095 | D:5      | Noticed a necrophage
  3102 | D:5      | Killed a necrophage
  3103 | D:5      | Reached skill level 6 in Unarmed Combat
  3103 | D:5      | Reached XP level 6. HP: 60/61 MP: 5/5
  3361 | D:5      | Noticed Blork the orc
  3372 | D:5      | Killed Blork the orc
  3553 | D:5      | Noticed Duvessa
  3553 | D:5      | Noticed Dowan
  3563 | D:5      | Killed Duvessa
  3564 | D:5      | Reached skill level 7 in Unarmed Combat
  3564 | D:5      | Reached XP level 7. HP: 23/68 MP: 6/6
  3566 | D:5      | HP: 1/68 [Dowan/stone arrow (14)]
  3567 | D:5      | Slain by Dowan

Illustrated notes

Levels and vault maps discovered:
D:1:      lemuel_arrival_hallway, layout_basic,
          shapermc_ecumenical_altar_pompeii, minmay_surrounded
D:2:      layout_basic, uniq_robin
D:3:      layout_loops_cross, mainiacjoe_overflow_two_lobes, serial_shops,
          nicolae_shop_behind_doors, shop, nicolae_square_shop
D:4:      gammafunk_steamed_eel, layout_cave_pools,
          lemuel_coloured_pillars_altar, minmay_temple_entry_butterflies
D:5:      layout_gridville, uniq_blork_the_orc, uniq_duvessa
Temple:   oiseaux_autumnal_temple

Skill      XL: |  1  2  3  4  5  6 |
---------------+-------------------+-----
Fighting       | 3 |  3.6
Unarmed Combat | 4 5 6 7 |  7.3
Dodging        | |  2.4
Stealth        | |  1.0

Action                   |  1- 3 |  4- 6 |  7- 9 || total
-------------------------+-------+-------+-------++-------
Melee: Unarmed           |    95 |   120 |     3 ||   218
       Punch             |     1 |     3 |       ||     4
Throw: Dart              |     8 |    77 |     1 ||    86
  Use: Scroll            |     1 |     2 |       ||     3
 Stab: Sleeping          |     3 |       |       ||     3
Armor: Robe              |    23 |    18 |       ||    41
Dodge: Dodged            |    55 |    35 |       ||    90
